AoeStats
← Changretta

Arabia

505710627Analyzed
2v2 RM · 22d ago on Sep 10, 2026· 32m 14s· 4 players
Game mode
Random Map
Map size
Medium (4 player)
Population
200
Speed
Normal
Resources
Standard
Victory
Conquest
Starting age
Dark Age
Ending age
Imperial Age
RankedLock teamsTeams togetherTeam positionsShared explorationLock speedFull tech treeHidden civsTurbo modeCheats
Victory
Defeat
🇦🇷 Franks · Argentina
743
+14
🇦🇷 Sicilians · Argentina
737
+14
🇹🇷 Japanese · Türkiye
707
-14
🇹🇷 Wu · Türkiye
695
-14
Genovese
8:09 Loom
10:40 Feudal Age
11:13 Double-Bit Axe
11:18 Horse Collar
Ramizpaşa
2:11 Loom
11:24 Feudal Age
11:47 Horse Collar
11:59 Double-Bit Axe
12:43 Stone Mining
15:05 Gold Mining
22:20 Castle Age
20:47 Fletching
21:16 Padded Archer Armor
22:01 Forging
23:23 Crossbowman
30:37 Town Watch
31:46 Bow Saw
Changretta
7:42 Loom
10:21 Feudal Age
12:34 Forging
15:46 Double-Bit Axe
15:43 Horse Collar
19:06 Scale Mail Armor
20:26 Stone Mining
20:26 Gold Mining
21:14 Wheelbarrow
28:24 Castle Age
30:12 Iron Casting
El Beto 912
8:02 Loom
10:47 Feudal Age
23:59 Castle Age
26:25 Wheelbarrow
25:29 Pikeman
27:22 Gold Mining
27:24 Stone Mining
28:08 Scale Barding Armor
29:12 Gold Shaft Mining
Connection lost

Rejoining the realm…

Still unreachable

The connection could not be restored.

Session expired

The server has moved on; the page needs a fresh start.